 Dungeon Crawl Stone Soup version 0.31-a0-803-g95b03c3 (webtiles) character file.

Game seed: 12388444323524262050

1822091 BarneyGumball the Vine Stalker Catastrophe (level 26, 152/152 HPs)
             Began as a Vine Stalker Brigand on Sept 19, 2023.
             Was an Elder of Qazlal.
             Escaped with the Orb
             ... and 3 runes on Sept 20, 2023!
             The game lasted 06:46:21 (55488 turns).

BarneyGumball the Vine Stalker Catastrophe (VSBr)  Turns: 55488, Time: 06:46:22

Health: 152/152    AC: 27    Str: 23 (24) XL:     26   Next: 23%
Magic:  39/39      EV: 14    Int: 10 (11) God:    Qazlal [****..]
Gold:   5165       SH: 31    Dex: 21 (23) Spells: 25/25 levels left

rFire   + . .        d - +9 demon blade (flame)
rCold   + . .        O - +4 kite shield {reflect}
rNeg    . . .        s - +0 plate armour of the Echidna {+Blink rElec rF++ Dex-2}
rPois   .            W - +2 hat {Will+}
rElec   +            c - +0 cloak {rCorr}
rCorr   +            r - +2 pair of gloves
SInv    .            i - +1 pair of boots {Fly}
Will    ++++.        Z - amulet of reflection Stlth
                     m - ring of protection from cold
HPRegen 1.25/turn    E - ring "Aseifiqe" {rElec rF- EV+5 Str+7}
MPRegen 0.26/turn

%: repel missiles, reflection, guardian spirit
@: flying, hasted, very quick
A: fangs 3, regeneration 1, magic shield, antimagic bite, no potion heal 2,
screaming 1, wild magic 1
0: Orb of Zot
}: 3/15 runes: serpentine, barnacled, silver
a: Renounce Religion, Evoke Blink, Upheaval, Elemental Force


You escaped.
You worshipped Qazlal.
Qazlal was greatly pleased with you.
You visited 9 branches of the dungeon, and saw 45 of its levels.
You visited 2 bazaars.
You also visited: Sewer.

You collected 8143 gold pieces.
You spent 2978 gold pieces at shops.

Inventory:

Hand Weapons
 d - a +9 demon blade of flaming (weapon)
 z - a +1 dagger of distortion
Missiles
 e - 10 curare-tipped darts
 L - 15 javelins (quivered)
Armour
 c - a +0 cloak of preservation (worn)
 i - a +1 pair of boots of flying (worn)
 r - a +2 pair of gloves (worn)
 s - the +0 plate armour of the Echidna (worn) {+Blink rElec rF++ Dex-2}
   (You found it on level 5 of the Vaults)

   Dex-2:     It affects your dexterity (-2).
   rF++:      It greatly protects you from fire.
   rElec:     It insulates you from electricity.
   +Blink:    It lets you blink.
 u - +0 gold dragon scales
 O - a +4 kite shield of reflection (worn)
 W - a +2 hat of willpower (worn)
Jewellery
 a - a ring of protection from fire
 g - a ring of flight
 m - a ring of protection from cold (left hand)
 C - a ring of see invisible
 E - the ring "Aseifiqe" (right hand) {rElec rF- EV+5 Str+7}
   (You found it on level 5 of the Vaults)

   [ring of evasion]

   EV+5:      It affects your evasion (+5).
   Str+7:     It affects your strength (+7).
   rF-:       It makes you vulnerable to fire.
   rElec:     It insulates you from electricity.
 N - a ring of positive energy
 V - a +5 ring of evasion
 Z - an amulet of reflection (around neck)
Wands
 f - a wand of paralysis (42)
 x - a wand of flame (36)
 B - a wand of polymorph (4)
 F - a wand of acid (40)
 P - a wand of iceblast (34)
 Y - a wand of digging (10)
Scrolls
 b - 5 scrolls of fog
 t - 7 scrolls of immolation
 y - 5 scrolls of amnesia
 G - 4 scrolls of brand weapon
 H - 2 scrolls of teleportation
 J - 3 scrolls of fear
 K - 5 scrolls of poison
 U - a scroll of silence
Potions
 h - 3 potions of might
 j - a potion of resistance
 k - 4 potions of curing
 o - 2 potions of invisibility
 p - 5 potions of mutation
 v - 2 potions of magic
 w - 11 potions of enlightenment
 A - 2 potions of berserk rage
 M - 3 potions of attraction
 X - 7 potions of lignification
Miscellaneous
 n - a phial of floods
 I - a phantom mirror (inert)
 S - a lightning rod (4/4)


   Skills:
 - Level 20.0 Fighting
 - Level 10.0(16.3) Short Blades
 - Level 20.4(21.2) Long Blades
 - Level 4.0 Throwing
 - Level 15.5 Armour
 - Level 4.0 Dodging
 - Level 4.8 Stealth
 - Level 19.0 Shields
 + Level 23.7 Invocations
 - Level 10.0 Evocations


You had 25 spell levels left.
You didn't know any spells.
Your spell library contained the following spells:

 Spells                   Type           Power      Damage    Failure   Level
 Apportation              Tloc           0%         N/A       99%         1
 Foxfire                  Conj/Fire      0%         2x1d4     99%         1
 Magic Dart               Conj           0%         1d3       99%         1
 Sandblast                Erth           0%         2d4       99%         1
 Shock                    Conj/Air       0%         1d3       99%         1
 Sting                    Tmut/Pois      0%         1d3       99%         1
 Blink                    Tloc           0%         N/A       100%        2
 Call Imp                 Summ           0%         N/A       100%        2
 Cigotuvi's Dreadful Rot  Necr/Pois/Air  0%         N/A       100%        2
 Ensorcelled Hibernation  Hex/Ice        0%         N/A       100%        2
 Jinxbite                 Hex            0%         N/A       100%        2
 Lesser Beckoning         Tloc           0%         N/A       100%        2
 Momentum Strike          Conj/Tloc      0%         3d8       100%        2
 Passwall                 Tmut/Erth      0%         N/A       100%        2
 Poisonous Vapours        Pois/Air       0%         N/A       100%        2
 Searing Ray              Conj           0%         2d4       100%        2
 Static Discharge         Conj/Air       0%         2-2/arc   100%        2
 Dazzling Flash           Conj/Hex       0%         N/A       100%        3
 Frozen Ramparts          Ice            0%         1d1       100%        3
 Gell's Gravitas          Tloc           0%         N/A       100%        3
 Hailstorm                Conj/Ice       0%         3d3       100%        3
 Ignite Poison            Fire/Tmut/Pois 0%         N/A       100%        3
 Inner Flame              Hex/Fire       0%         N/A       100%        3
 Mephitic Cloud           Conj/Pois/Air  0%         N/A       100%        3
 Ozocubu's Armour         Ice            0%         N/A       100%        3
 Stone Arrow              Conj/Erth      0%         3d7       100%        3
 Summon Guardian Golem    Hex/Summ       0%         N/A       100%        3
 Teleport Other           Tloc           0%         N/A       100%        3
 Tukima's Dance           Hex            0%         N/A       100%        3
 Volatile Blastmotes      Fire/Tloc      0%         2d10      100%        3
 Airstrike                Air            0%         2d(0-16)  100%        4
 Anguish                  Hex/Necr       0%         N/A       100%        4
 Brom's Barrelling Bould  Conj/Erth      0%         2d3       100%        4
 Flame Wave               Conj/Fire      0%         2d4       100%        4
 Fulminant Prism          Conj/Hex       0%         3d5       100%        4
 Leda's Liquefaction      Hex/Erth       0%         N/A       100%        4
 Manifold Assault         Tloc           0%         N/A       100%        4
 Olgreb's Toxic Radiance  Pois           0%         N/A       100%        4
 Passage of Golubria      Tloc           0%         N/A       100%        4
 Petrify                  Tmut/Erth      0%         N/A       100%        4
 Sticky Flame             Conj/Fire      0%         2d3       100%        4
 Summon Ice Beast         Ice/Summ       0%         N/A       100%        4
 Summon Lightning Spire   Summ/Air       0%         N/A       100%        4
 Alistair's Intoxication  Tmut/Pois      0%         N/A       100%        5
 Borgnjor's Vile Clutch   Necr/Erth      0%         N/A       100%        5
 Fireball                 Conj/Fire      0%         3d3       100%        5
 Iskenderun's Battlesphe  Conj           0%         2d6       100%        5
 Lee's Rapid Deconstruct  Erth           0%         3d4*      100%        5
 Metabolic Englaciation   Hex/Ice        0%         N/A       100%        5
 Summon Forest            Summ/Tloc      0%         N/A       100%        5
 Yara's Violent Unravell  Hex/Tmut       0%         3d3       100%        5
 Conjure Ball Lightning   Conj/Air       0%         3x3d6     100%        6
 Eringya's Noxious Bog    Tmut/Pois      0%         4d6       100%        6
 Leda's Unmaking          Conj/Erth      0%         9d1       100%        6
 Plasma Beam              Fire/Air       0%         2x1d10    100%        6
 Simulacrum               Ice/Necr       0%         N/A       100%        6
 Starburst                Conj/Fire      0%         6d3       100%        6
 Haunt                    Necr/Summ      0%         N/A       100%        7
 Orb of Destruction       Conj           0%         9d5       100%        7
 Ozocubu's Refrigeration  Ice            0%         4d7       100%        7
 Spellforged Servitor     Conj/Summ      0%         N/A       100%        7
 Summon Hydra             Summ           0%         N/A       100%        7
 Borgnjor's Revivificati  Necr           0%         N/A       100%        8
 Maxwell's Capacitive Co  Air            0%         ∞         100%        8
 Chain Lightning          Conj/Air       0%         N/A       100%        9
 Death's Door             Necr           0%         N/A       100%        9
 Fire Storm               Conj/Fire      0%         5d1       100%        9
 Polar Vortex             Ice            0%         N/A       100%        9
 Shatter                  Erth           0%         3d5*      100%        9


Dungeon Overview and Level Annotations

Branches:
Dungeon (15/15)            Temple (0/1) D:5            Lair (5/5) D:10
 Shoals (4/4) Lair:2        Snake (4/4) Lair:2        Slime (0/5) Lair:4
    Orc (2/2) D:10            Elf (0/3) Orc:2        Vaults (5/5) D:13
  Crypt (1/3) Vaults:2     Depths (4/4) D:15            Zot (5/5) Depths:4
  Sewer (visited)

Altars:
Elyvilon
Gozag
Hepliaklqana
Kikubaaqudgha
Makhleb
Qazlal
Trog
Vehumet
Wu Jian
Xom
Zin
The Shining One

Shops:
D:4 [   Orc:2 *:([   Snake:1 *   Snake:3 [=   Vaults:4 [

Portals:
Hell: Depths:1 Depths:2 Depths:3 Depths:4
Abyss: Depths:2 Depths:3
Pandemonium: Depths:1 Depths:2 Depths:3

Annotations:
Lair:1 exclusions: 3 electric eels and 1 more exclusion
Orc:1 2 transporters
Vaults:1 exclusion: door
Crypt:1 Zenata
Depths:3 1 runed translucent door, exclusion: door


Innate Abilities, Weirdness & Mutations

You have razor-sharp teeth.
Your natural rate of healing is unusually fast.
When hurt, damage is shared between your health and your magic reserves.
Your bite disrupts and absorbs the magic of your enemies.
Potions cannot restore your health.
You occasionally shout uncontrollably at your foes.
Your spells are a little harder to cast, but a little more powerful.


Message History

You block the Executioner's attack. x3
The Executioner is engulfed in a thunderstorm.
You block the Executioner's attack. The Executioner closely misses you.
The Executioner hits you but does no damage.
You barely miss the Executioner.
You bite the Executioner, but do no damage.
The Executioner is lightly wounded.
The Executioner is engulfed in a thunderstorm.
The Executioner gestures.
The Executioner seems to speed up.
You slash the Executioner! You burn the Executioner.
Your bite misses the Executioner.
The Executioner is heavily wounded.
The Executioner hits you but does no damage.
You block the Executioner's attack. x2
The Executioner is engulfed in a thunderstorm.
You block the Executioner's attack. x2; The Executioner barely misses you.
You slash the Executioner! You burn the Executioner.
Your bite misses the Executioner.
The Executioner is almost dead.
The Executioner is engulfed in a thunderstorm.
You block the Executioner's attack. x3; The Executioner barely misses you.
You block the Executioner's attack. The Executioner hits you.
An Orb Guardian comes into view.
You slash the Executioner! You burn the Executioner.
You kill the Executioner!
Qazlal accepts your kill.
You feel yourself speed up.
You hit the Orb Guardian. You burn the Orb Guardian. You bite the Orb Guardian!
You drain its power.
The Orb Guardian is moderately wounded.
You block the Orb Guardian's attack.
You slash the Orb Guardian! You burn the Orb Guardian!
You bite the Orb Guardian!! You drain its power.
The Orb Guardian is severely wounded.
You slice the Orb Guardian!! You burn the Orb Guardian!
You kill the Orb Guardian!
Qazlal accepts your kill.
There is a staircase leading out of the dungeon here.
You have escaped!

..................###
#.#.#.#
########...........#
#.#.#.##
#.#########.####.#....# #.#
#...........#### #
#.######.##.####.#.# #
#........##.####.#.#
##################......#.#
...............§.########.#
#.....##...##...@# #.#
#.............☼°.# #.#
################## #.# #
#.........# #.####
#######.#######.# #....#
##......# #.# ######
##.############.#
................#
...##############


There were no monsters in sight!

Vanquished Creatures
  4 orbs of fire
  4 dread liches
  2 ancient liches
  A juggernaut (Depths:4)
  Vv (Depths:2)
  4 Killer Klowns
  4 caustic shrikes (Depths:4)
  2 curse toes (Zot:5)
  15 golden dragons
  Norris (Depths:3)
  A bone dragon (Zot:4)
  A Brimstone Fiend (Zot:3)
  3 doom hounds (Crypt:1)
  6 electric golems
  17 tentacled monstrosities
  Rupert (D:12)
  Grunn (Crypt:1)
  20 Orb Guardians
  2 liches
  5 titans (Vaults:5)
  4 quicksilver dragons
  4 sphinxes
  3 Executioners
  An ancient champion (Vaults:2)
  A kraken (Shoals:1)
  10 death cobs
  Polyphemus (Shoals:3)
  Kirke (D:12)
  8 tengu reavers
  11 storm dragons
  3 draconian monks
  Ilsuiw (Shoals:2)
  9 shadow dragons
  Aizul (Shoals:1)
  5 nagarajas
  3 iron dragons
  9 vault wardens
  12 frost giants
  4 ghost moths
  16 fire giants
  2 draconian knights
  Louise (Shoals:1)
  5 draconian scorchers
  4 orc warlords
  4 draconian stormcallers
  3 draconian shifters
  12 ironbound preservers
  An angel (Vaults:1)
  2 war gargoyles (Vaults:5)
  2 spriggan defenders
  3 draconian annihilators
  6 ironbound thunderhulks
  3 green draconians
  11 very ugly things
  A formless jellyfish (Vaults:3)
  6 stone giants
  6 vampire knights
  An eleionoma (Zot:5)
  3 deep elf demonologists (Vaults:5)
  Nessos (D:12)
  A lorocyproca (Zot:5)
  7 yellow draconians
  7 black draconians
  12 dire elephants
  A deep elf annihilator (Vaults:5)
  6 white draconians
  Azrael (D:15)
  9 red draconians
  4 purple draconians
  9 spark wasps
  Snorg (D:10)
  A deep elf death mage (Vaults:2)
  4 merfolk javelineers
  2 entropy weavers
  8 fire dragons
  9 merfolk impalers
  13 ettins
  11 yaktaur captains
  2 great orbs of eyes
  6 deep elf high priests (Vaults:5)
  10 hydras
  9 ice dragons
  A rakshasa (Depths:2)
  4 ogre magi
  A peacekeeper (Vaults:1)
  Erolcha (D:10)
  5 salamander tyrants
  2 hell beasts
  7 merfolk avatars
  An alligator snapping turtle (Snake:1)
  12 centaur warriors
  5 spriggan air magi
  13 anacondas
  3 boulder beetles
  4 merfolk aquamancers
  5 alligators (Snake:1)
  31 vault guards
  Erica (D:8)
  5 ironbound frosthearts
  5 tengu warriors
  19 naga warriors
  2 catoblepae
  5 deep troll shamans
  11 two-headed ogres
  7 deep troll earth magi
  11 death yaks
  A vampire mage (Vaults:2)
  A spriggan berserker (Depths:1)
  A satyr (Shoals:2)
  Urug (D:12)
  6 orc high priests
  2 sun demons
  9 naga sharpshooters
  A soul eater (Vaults:2)
  8 shock serpents
  A deep elf knight (Orc:2)
  7 iron trolls
  Sonja (D:10)
  4 skysharks
  17 hell knights
  A shadow wraith (Vaults:5)
  14 skeletal warriors
  Lodul (D:12)
  2 goliath frogs (Snake:1)
  6 salamander mystics
  11 sea snakes
  4 naga ritualists
  21 ironbound convokers
  36 deep trolls
  A swamp dragon (shapeshifter) (Depths:3)
  6 glowing orange brains
  7 wizards
  12 necromancers
  12 lindwurms (Vaults:2)
  8 orc knights
  Pikel (D:7)
  4 mana vipers
  2 deep elf pyromancers
  9 phantasmal warriors
  9 fauns
  A deep elf zephyrmancer (Orc:2)
  27 salamanders
  13 harpies
  10 orc sorcerers
  35 ugly things
  9 manticores
  15 moths of wrath
  5 cyclopes
  5 merfolk sirens
  5 centaur zombies (D:14)
  8 elephants
  15 naga magi
  12 guardian serpents
  12 vault sentinels
  10 water nymphs
  Maurice (D:10)
  2 smoke demons
  42 black mambas
  A gargoyle (D:12)
  8 cane toads
  A rime drake (Lair:2)
  6 komodo dragons
  A tengu conjurer (Depths:4)
  20 yaktaurs
  An ice devil (D:6)
  2 redback zombies (D:14)
  4 freezing wraiths
  12 trolls
  29 merfolk
  A red devil (Depths:2)
  A queen bee (D:9)
  12 wind drakes
  5 hornets
  5 polar bears
  Prince Ribbit (Lair:2)
  9 blink frogs
  9 dream sheep
  12 snapping turtles
  A spectral elephant (Lair:5)
  A large abomination (D:1)
  2 meliai zombies
  5 flying skulls (Crypt:1)
  25 slime creatures
  3 spriggans (Depths:1)
  11 air elementals
  32 water elementals
  3 shadows
  2 ynoxinuls
  4 wyverns
  7 basilisks
  4 wraiths
  6 hogs (D:12)
  59 yaks
  A fire elemental (Depths:4)
  9 redbacks
  2 vampire mosquitoes (D:12)
  35 nagas
  3 wargs (Orc:2)
  3 acid dragons
  8 hell hounds
  12 water moccasins
  A floating eye (shapeshifter) (Vaults:5)
  A black bear (shapeshifter) (D:15)
  22 ogres
  26 orc warriors
  A sky beast (D:6)
  3 black bears
  11 centaurs
  3 wolves (Lair:1)
  A centaur (shapeshifter) (D:15)
  An ogre (shapeshifter) (Vaults:5)
  3 lemures (D:8)
  4 kobold brigands
  7 bullfrogs
  2 scorpions (D:6)
  A gnoll sergeant (D:10)
  An elf skeleton (Crypt:1)
  21 killer bees (D:9)
  2 electric eels (Snake:1)
  6 howler monkeys
  2 jellies (D:6)
  10 orc priests
  A hound (D:5)
  2 gnoll boudas
  4 iguanas
  4 sleepcaps
  10 orc wizards
  A sickly merfolk siren (Sewer)
  A malarious merfolk avatar (Sewer)
  Robin (D:2)
  10 adders
  13 gnolls
  A river rat (Sewer)
  2 shadow imps
  A white imp (D:6)
  An ufetubus (D:5)
  2 worms
  4 dart slugs
  50 orcs
  11 ball pythons
  5 endoplasms
  5 giant cockroaches
  12 goblins
  3 hobgoblins
  21 kobolds
  3 quokkas
  6 bats
  13 frilled lizards
  24 rats
  A butterfly (D:8)
  3 spectral weapons
  2 tentacles (Shoals:1)
1751 creatures vanquished.

Vanquished Creatures (collateral kills)
  An orb of fire (Zot:5)
  Margery (Vaults:4)
  Saint Roka (Snake:4)
  A tentacled monstrosity (Zot:2)
  3 Orb Guardians (Zot:5)
  A titan (Shoals:4)
  A shadow dragon (Zot:4)
  Frances (Snake:1)
  A vault warden (Vaults:1)
  An orc warlord (Orc:1)
  An ironbound preserver (Vaults:3)
  2 white draconians
  A merfolk impaler (Shoals:1)
  A salamander tyrant (Snake:4)
  A vault guard (Vaults:1)
  A naga warrior (Snake:1)
  3 death yaks
  2 merfolk aquamancers (Shoals:4)
  2 naga sharpshooters (Snake:1)
  A sun demon (Zot:5)
  Amaemon (D:9)
  An iron troll (Depths:2)
  A salamander mystic (Snake:4)
  2 sea snakes
  A naga ritualist (Snake:1)
  A necromancer (Vaults:4)
  An orc sorcerer (Orc:2)
  An ugly thing (Depths:2)
  A manticore (Shoals:1)
  A cyclops (D:12)
  2 naga magi
  An orange demon (D:9)
  A cane toad (Lair:5)
  5 yaktaurs
  5 merfolk (Shoals:4)
  A spectral elephant (Lair:5)
  A flying skull (Crypt:1)
  4 nagas
  A warg (Orc:1)
  4 orc warriors
  An ogre (Snake:4)
  2 cane toad simulacra (Lair:5)
  An orc priest (Orc:1)
  An orc wizard (Orc:1)
  11 orcs
79 creatures vanquished.

Vanquished Creatures (others)
  A salamander (Snake:1)
  A tengu conjurer (Depths:4)
  A human (D:12)
  6 spectral weapons
  13 tentacles (Shoals:1)
22 creatures vanquished.

Grand Total: 1852 creatures vanquished

Notes
Turn   | Place    | Note
-------+----------+-------------------------------------------
     0 | D:1      | BarneyGumball the Vine Stalker Brigand began the quest for
                  | the Orb.
     0 | D:1      | Reached XP level 1. HP: 11/11 MP: 2/2
   202 | D:1      | Reached XP level 2. HP: 15/15 MP: 3/3
   845 | D:2      | Reached XP level 3. HP: 18/18 MP: 4/4
  1015 | D:2      | You fall into a shaft and drop 1 floor!
  1047 | D:3      | Reached XP level 4. HP: 23/23 MP: 5/5
  1119 | D:3      | Found a stormy altar of Qazlal.
  1124 | D:3      | Became a worshipper of Qazlal Stormbringer
  1438 | D:2      | Noticed Robin
  1443 | D:2      | Reached skill level 1 in Invocations
  1455 | D:2      | Killed Robin
  1500 | D:2      | Reached XP level 5. HP: 26/26 MP: 6/6
  1737 | D:2      | Reached * piety under Qazlal
  1860 | D:3      | Found a white marble altar of Elyvilon.
  2314 | D:4      | Reached skill level 2 in Invocations
  2669 | D:4      | Found Min Pou's Antique Armour Shop.
  2761 | D:4      | Found an ornate altar of the Wu Jian Council.
  2827 | D:5      | Entered Level 5 of the Dungeon
  2913 | D:5      | Reached XP level 6. HP: 23/30 MP: 6/8
  2954 | D:5      | Found a staircase to the Ecumenical Temple.
  3130 | D:5      | Found an opulent altar of Gozag.
  3298 | D:5      | Reached skill level 5 in Short Blades
  3338 | D:5      | Reached skill level 3 in Invocations
  3489 | D:5      | Found an ancient bone altar of Kikubaaqudgha.
  4046 | D:6      | Reached XP level 7. HP: 34/34 MP: 10/10
  4222 | D:6      | Reached ** piety under Qazlal
  4223 | D:6      | Reached skill level 4 in Invocations
  4389 | D:6      | Found a glowing drain.
  4434 | Sewer    | Entered a sewer
  4589 | Sewer    | Gained mutation: You have razor-sharp teeth. [Vine Stalker
                  | growth]
  4589 | Sewer    | Reached XP level 8. HP: 38/38 MP: 12/12
  4684 | Sewer    | Reached *** piety under Qazlal
  4901 | D:6      | Reached skill level 5 in Invocations
  5256 | D:7      | Found a radiant altar of Vehumet.
  5407 | D:7      | Got a whispering book
  5519 | D:7      | Reached skill level 6 in Invocations
  5593 | D:7      | Found a hazy altar of Hepliaklqana.
  6029 | D:8      | Noticed a yak
  6029 | D:8      | Noticed a yak
  6076 | D:8      | Noticed a yak
  6076 | D:8      | Noticed a yak
  6077 | D:8      | Noticed a yak
  6088 | D:8      | Noticed a yak
  6088 | D:8      | Noticed a yak
  6088 | D:8      | Noticed a yak
  6091 | D:8      | Noticed a yak
  6091 | D:8      | Noticed a yak
  6091 | D:8      | Noticed a yak
  6181 | D:8      | Reached XP level 9. HP: 42/42 MP: 14/14
  6248 | D:8      | Reached skill level 7 in Invocations
  6255 | D:8      | Noticed Pikel
  6399 | D:8      | Reached skill level 8 in Invocations
  6428 | D:8      | Reached XP level 10. HP: 33/46 MP: 14/17
  6439 | D:8      | Reached **** piety under Qazlal
  6440 | D:8      | Reached skill level 9 in Invocations
  6588 | D:7      | Killed Pikel
  6902 | D:8      | Noticed Erica
  6943 | D:7      | Reached skill level 10 in Short Blades
  6999 | D:7      | Reached skill level 1 in Dodging
  6999 | D:7      | Reached skill level 10 in Invocations
  7067 | D:8      | Found a shimmering altar of Xom.
  7094 | D:8      | Killed Erica
  7095 | D:8      | Reached skill level 1 in Armour
  7217 | D:8      | Found a burning altar of Makhleb.
  7338 | D:9      | Noticed Amaemon
  7338 | D:9      | Noticed an orange demon
  7496 | D:9      | Identified the +2 broad axe "Teass" {freeze, rElec rF+
                  | rCorr}
  7621 | D:9      | Reached XP level 11. HP: 53/53 MP: 19/19
  7772 | D:9      | Noticed a two-headed ogre
  7801 | D:9      | Killed a two-headed ogre
  8224 | D:9      | Reached skill level 5 in Fighting
  8224 | D:9      | Reached skill level 1 in Shields
  8228 | D:9      | Killed Amaemon
  8413 | D:10     | Entered Level 10 of the Dungeon
  8441 | D:10     | Noticed Sonja
  8609 | D:10     | Found a staircase to the Orcish Mines.
  8610 | D:10     | Noticed Maurice
  8623 | D:10     | Killed Maurice
  8650 | D:10     | Noticed Erolcha
  8669 | D:10     | Killed Erolcha
  8787 | D:10     | Found a staircase to the Lair.
  8935 | D:11     | Noticed Snorg
  8954 | D:10     | Killed Snorg
  8995 | D:10     | Killed Sonja
  8996 | D:10     | Reached skill level 1 in Evocations
  9063 | D:10     | Reached XP level 12. HP: 63/63 MP: 20/20
 10546 | Lair:1   | Entered Level 1 of the Lair of Beasts
 10608 | Lair:1   | Reached skill level 5 in Armour
 11465 | Lair:2   | Noticed a seven-headed hydra
 11548 | Lair:2   | Noticed Prince Ribbit
 11992 | Lair:2   | Killed a seven-headed hydra
 12113 | Lair:2   | Found a staircase to the Snake Pit.
 12146 | Lair:2   | Killed Prince Ribbit
 12408 | Lair:2   | Found a staircase to the Shoals.
 12416 | Lair:2   | Reached XP level 13. HP: 66/70 MP: 21/21
 12796 | Lair:3   | Reached skill level 10 in Fighting
 13565 | Lair:4   | Reached skill level 1 in Long Blades
 13727 | Lair:4   | Found a staircase to the Slime Pits.
 14257 | Lair:4   | Reached skill level 11 in Invocations
 14593 | Lair:5   | Entered Level 5 of the Lair of Beasts
 14911 | Lair:5   | Reached skill level 5 in Long Blades
 15081 | Lair:5   | Reached XP level 14. HP: 52/77 MP: 15/23
 15085 | Lair:5   | Reached skill level 12 in Invocations
 15842 | Lair:5   | Noticed a dire elephant
 15842 | Lair:5   | Noticed a dire elephant
 15842 | Lair:5   | Noticed a dire elephant
 16084 | D:12     | Noticed Rupert
 16109 | D:12     | Killed Rupert
 16112 | D:12     | Reached skill level 13 in Invocations
 16146 | D:12     | Noticed Kirke
 16158 | D:12     | Killed Kirke
 16314 | D:12     | Noticed Urug
 16314 | D:12     | Noticed Nessos
 16456 | D:12     | Noticed Lodul
 16469 | D:12     | Killed Lodul
 16642 | D:12     | Killed Nessos
 16654 | D:12     | Killed Urug
 16897 | D:4      | Bought a slimy chain mail for 218 gold pieces
 16897 | D:4      | Identified the +6 chain mail "Qoihutzu" {Rampage rC- rCorr}
                  | (You bought it in a shop on level 4 of the Dungeon)
 17540 | D:13     | Reached ***** piety under Qazlal
 17564 | D:13     | Reached skill level 14 in Invocations
 17647 | D:13     | Reached XP level 15. HP: 78/80 MP: 26/26
 17758 | D:13     | Found a gate to the Vaults.
 18311 | D:14     | Reached skill level 10 in Long Blades
 18704 | D:15     | Entered Level 15 of the Dungeon
 18981 | D:15     | Found a frozen archway.
 19073 | D:15     | Reached skill level 15 in Invocations
 19438 | D:15     | Found a staircase to the Depths.
 19652 | D:15     | Noticed Azrael
 19930 | D:15     | Killed Azrael
 20244 | Orc:1    | Entered Level 1 of the Orcish Mines
 20247 | Orc:1    | Noticed an orc warlord
 20259 | Orc:1    | Killed an orc warlord
 20442 | Orc:1    | Found a transporter.
 20448 | Orc:1    | Found a transporter.
 20846 | Orc:1    | Found a bloodstained altar of Trog.
 20846 | Orc:1    | Found the +8 Wrath of Trog {antimagic, *Rage Rampage}
 21023 | Orc:2    | Entered Level 2 of the Orcish Mines
 21076 | Orc:2    | Reached XP level 16. HP: 67/85 MP: 22/28
 21117 | Orc:2    | Found Obbimaur's Book Shoppe.
 21205 | Orc:2    | Reached skill level 16 in Invocations
 21229 | Orc:2    | Found Gesodukh's Antique Weapon Boutique.
 21371 | Orc:2    | Found a staircase to the Elven Halls.
 21404 | Orc:2    | Identified the +5 scimitar "Keen" {heavy, Int+3}
 21627 | Orc:2    | Found Huuthoam's Antique Armour Boutique.
 21882 | Orc:2    | Found Adwenwe's General Store.
 21940 | Orc:2    | Bought a scroll of identify for 32 gold pieces
 22090 | Orc:2    | Bought a pair of gloves for 108 gold pieces
 22220 | Snake:1  | Entered Level 1 of the Snake Pit
 22229 | Snake:1  | Noticed Frances
 22242 | Snake:1  | Killed Frances
 22244 | Snake:1  | Found Dyun's Assorted Antiques.
 22481 | Snake:1  | Bought a scroll of blinking for 270 gold pieces
 22715 | Snake:1  | You fall into a shaft and drop 1 floor!
 23044 | Snake:2  | Identified a scroll of acquirement
 23054 | Snake:2  | Acquired 1256 gold pieces
 23089 | Snake:2  | Reached skill level 5 in Shields
 23438 | Snake:2  | Reached XP level 17. HP: 89/91 MP: 27/30
 24101 | Snake:1  | Reached skill level 10 in Armour
 24549 | Snake:3  | Found Muguj's Jewellery Shoppe.
 24549 | Snake:3  | Found Lulocluept's Armour Emporium.
 24913 | Snake:1  | Bought a scroll of revelation for 270 gold pieces
 24913 | Snake:1  | Bought a scroll of teleportation for 108 gold pieces
 25545 | Snake:3  | Reached ****** piety under Qazlal
 25915 | Snake:4  | Entered Level 4 of the Snake Pit
 26435 | Snake:4  | Noticed Saint Roka
 26458 | Snake:4  | Killed Saint Roka
 26479 | Snake:4  | Reached XP level 18. HP: 26/100 MP: 10/31
 28236 | Snake:4  | Got a serpentine rune of Zot
 28401 | Shoals:1 | Entered Level 1 of the Shoals
 28490 | Snake:3  | Bought a ring of flight for 227 gold pieces
 28490 | Snake:3  | Bought a ring of resist corrosion for 260 gold pieces
 28636 | Shoals:1 | Noticed Aizul
 28658 | Shoals:1 | Killed Aizul
 28860 | Shoals:1 | Noticed Louise
 28901 | Shoals:1 | Killed Louise
 29607 | Shoals:2 | Reached skill level 10 in Shields
 29788 | Shoals:2 | Noticed Ilsuiw
 29829 | Shoals:2 | Killed Ilsuiw
 30339 | Shoals:3 | Noticed Polyphemus
 30345 | Shoals:3 | Reached XP level 19. HP: 88/106 MP: 25/32
 30354 | Shoals:3 | Killed Polyphemus
 30642 | Shoals:3 | Reached skill level 17 in Invocations
 31135 | Shoals:4 | Entered Level 4 of the Shoals
 31254 | Shoals:4 | Paralysed by an air elemental for 1 turns
 31260 | Shoals:4 | Paralysed by an air elemental for 1 turns
 31375 | Shoals:4 | Paralysed by an air elemental for 1 turns
 31393 | Shoals:4 | Identified the +1 robe "Qefragh" {rF+ Regen+}
 31899 | Shoals:4 | Got a barnacled rune of Zot
 31962 | Shoals:4 | Paralysed by an air elemental for 1 turns
 32025 | Shoals:4 | Paralysed by an air elemental for 1 turns
 32131 | Shoals:4 | Paralysed by an air elemental for 1 turns
 32133 | Shoals:4 | Paralysed by an air elemental for 1 turns
 32243 | Shoals:4 | Paralysed by an air elemental for 1 turns
 32247 | Shoals:4 | Paralysed by an air elemental for 1 turns
 32260 | Shoals:4 | Paralysed by an air elemental for 1 turns
 32375 | Shoals:4 | Paralysed by an air elemental for 1 turns
 32380 | Shoals:4 | Paralysed by an air elemental for 1 turns
 32837 | Vaults:1 | Entered Level 1 of the Vaults
 33386 | Vaults:1 | Reached skill level 5 in Evocations
 33695 | Vaults:1 | Reached skill level 15 in Fighting
 33700 | Vaults:1 | Reached XP level 20. HP: 113/113 MP: 33/33
 34175 | Vaults:1 | Found a white marble altar of Elyvilon.
 34175 | Vaults:1 | Found a glowing silver altar of Zin.
 34198 | Vaults:1 | Found a glowing golden altar of the Shining One.
 34629 | Vaults:2 | Found a staircase to the Crypt.
 34954 | Vaults:2 | Reached skill level 18 in Invocations
 35187 | Vaults:2 | You fall into a shaft and drop 2 floors!
 35283 | Vaults:4 | Noticed Margery
 35506 | Vaults:4 | Found Udghuh's Armour Shoppe.
 35509 | Vaults:4 | Bought a +0 cloak of preservation for 195 gold pieces
 35521 | Vaults:4 | Bought a +2 pair of gloves for 280 gold pieces
 35715 | Vaults:4 | Killed Margery
 36808 | Vaults:3 | Found a flickering gateway to a bazaar.
 36819 | Bazaar   | Entered a bazaar
 36822 | Bazaar   | Found Erod's Assorted Antiques.
 36840 | Bazaar   | Found Velec's Antique Weapon Boutique.
 36846 | Bazaar   | Found Karaebb's Assorted Antiques.
 36856 | Bazaar   | Found Tonud's Assorted Antiques.
 36857 | Bazaar   | Found Alergh's Magic Scroll Emporium.
 36868 | Bazaar   | Bought a scroll of fear for 108 gold pieces
 36873 | Bazaar   | Bought a scroll of teleportation for 42 gold pieces
 36873 | Bazaar   | Bought a scroll of enchant armour for 105 gold pieces
 36873 | Bazaar   | Bought a scroll of teleportation for 42 gold pieces
 36873 | Bazaar   | Bought a scroll of butterflies for 56 gold pieces
 36873 | Bazaar   | Bought a scroll of teleportation for 42 gold pieces
 36879 | Bazaar   | Bought a potion of might for 100 gold pieces
 36879 | Bazaar   | Bought a scroll of teleportation for 75 gold pieces
 36903 | Bazaar   | Bought a scroll of immolation for 80 gold pieces
 36903 | Bazaar   | Bought a potion of curing for 60 gold pieces
 36994 | Vaults:3 | Reached XP level 21. HP: 86/117 MP: 25/35
 38620 | Depths:1 | Entered Level 1 of the Depths
 38714 | Depths:1 | Found an ancient bone altar of Kikubaaqudgha.
 38829 | Depths:1 | Reached skill level 19 in Invocations
 38927 | Depths:1 | Found a one-way gate leading to the halls of Pandemonium.
 38947 | Depths:1 | Found a gateway to a bazaar.
 39029 | Bazaar   | Entered a bazaar
 39037 | Bazaar   | Found Imackone's Jewellery Shop.
 39037 | Bazaar   | Found Faaf's Book Boutique.
 39060 | Bazaar   | Bought a ring of positive energy for 300 gold pieces
 39474 | Depths:1 | Found a gateway to Hell.
 40117 | Depths:2 | Identified the +3 hand axe of Red Wine {freeze, rPois Will+
                  | Dex-4 Stlth+}
 40299 | Depths:2 | Found a one-way gate to the infinite horrors of the Abyss.
 40307 | Depths:2 | Got a rare book
 40526 | Depths:2 | Noticed Vv
 41038 | Depths:2 | Noticed a juggernaut
 41115 | Depths:2 | Killed Vv
 41464 | Depths:3 | Reached skill level 10 in Evocations
 41525 | Depths:3 | Reached XP level 22. HP: 122/122 MP: 36/36
 42219 | Depths:3 | Identified the +4 chain mail of Responsibility {+Inv}
 42320 | Depths:3 | Reached skill level 20 in Invocations
 42334 | Depths:3 | Reached skill level 15 in Long Blades
 42519 | Depths:3 | Noticed Norris
 42533 | Depths:3 | Killed Norris
 42670 | Depths:3 | Found a runed translucent door.
 42877 | Depths:4 | Entered Level 4 of the Depths
 43216 | Depths:4 | Noticed a juggernaut
 43309 | Depths:4 | Reached skill level 15 in Shields
 43315 | Depths:4 | Identified the +6 demon trident of Igewukhi {freeze, Drain
                  | rCorr Str+3 SInv}
 43900 | Depths:4 | Killed a juggernaut
 44005 | Depths:4 | Noticed a caustic shrike
 44008 | Depths:4 | Noticed a caustic shrike
 44009 | Depths:4 | Noticed a caustic shrike
 44012 | Depths:4 | Noticed a caustic shrike
 44020 | Depths:4 | Killed a caustic shrike
 44029 | Depths:4 | Killed a caustic shrike
 44171 | Depths:4 | Killed a caustic shrike
 44435 | Depths:4 | Reached XP level 23. HP: 107/115 MP: 35/38
 44447 | Depths:4 | Found a gate to the Realm of Zot.
 44542 | Depths:4 | Killed a caustic shrike
 44770 | Crypt:1  | Entered Level 1 of the Crypt
 44879 | Crypt:1  | Noticed Grunn
 44884 | Crypt:1  | Noticed Zenata
 44891 | Crypt:1  | Killed Grunn
 45170 | Vaults:5 | Entered Level 5 of the Vaults
 45230 | Vaults:5 | Noticed a dread lich
 45298 | Vaults:5 | Identified the +7 orcbow "Vukkio" {antimagic, Dex+3}
 45339 | Vaults:5 | Paralysed by a floating eye for 4 turns
 45414 | Vaults:5 | Reached skill level 15 in Armour
 45533 | Vaults:5 | Identified the amulet "Neesh" {RegenMP Int+2}
 45577 | Vaults:5 | Reached skill level 21 in Invocations
 45749 | Vaults:5 | Identified the +0 plate armour of the Echidna {+Blink rElec
                  | rF++ Dex-2}
 45875 | Vaults:5 | Identified the staff of Yredelemnul's Pride {rPois rC+++
                  | Will- Dex+2 Poison}
 45981 | Vaults:5 | Got a silver rune of Zot
 45997 | Vaults:5 | Noticed a golden dragon
 46009 | Vaults:5 | Killed a dread lich
 46017 | Vaults:5 | Killed a golden dragon
 46107 | Vaults:5 | Identified the ring "Lioroupt" {rPois rCorr Str-3 Int+5
                  | Dex+6}
 46187 | Vaults:5 | Got a curling book
 46299 | Vaults:5 | Reached XP level 24. HP: 135/135 MP: 38/38
 46589 | Vaults:5 | Acquired a manual of Long Blades
 46610 | Vaults:5 | Identified the ring "Aseifiqe" {rElec rF- EV+5 Str+7}
 46918 | Zot:1    | Entered Level 1 of the Realm of Zot
 47869 | Zot:2    | Upgraded the game from 0.31-a0-799-g6bc09d0 to
                  | 0.31-a0-803-g95b03c3
 47869 | Zot:2    | Noticed an orb of fire
 48264 | Zot:2    | Gained mutation: You are weak. (Str -2) [an orb of fire]
 48268 | Zot:2    | Killed an orb of fire
 50272 | Zot:4    | Noticed an orb of fire
 50945 | Zot:4    | Gained mutation: You sometimes lose your temper in combat.
                  | [an orb of fire]
 50949 | Zot:4    | Gained mutation: You occasionally shout uncontrollably at
                  | your foes. [an orb of fire]
 50979 | Zot:4    | Killed an orb of fire
 50980 | Zot:4    | Lost mutation: You sometimes lose your temper in combat.
                  | [potion of mutation]
 50980 | Zot:4    | Lost mutation: You occasionally shout uncontrollably at
                  | your foes. [potion of mutation]
 50980 | Zot:4    | Lost mutation: You are weak. (Str -2) [potion of mutation]
 50980 | Zot:4    | Gained mutation: You sometimes lose your temper in combat.
                  | [potion of mutation]
 50980 | Zot:4    | Gained mutation: You have a pair of small antennae on your
                  | head. [potion of mutation]
 50981 | Zot:4    | Lost mutation: You have a pair of small antennae on your
                  | head. [potion of mutation]
 50981 | Zot:4    | Lost mutation: You sometimes lose your temper in combat.
                  | [potion of mutation]
 50981 | Zot:4    | Gained mutation: You occasionally lose the ability to drink
                  | potions when taking damage. [potion of mutation]
 50981 | Zot:4    | Gained mutation: You possess an exceptional clarity of
                  | mind. [potion of mutation]
 51013 | Zot:4    | Lost mutation: You possess an exceptional clarity of mind.
                  | [potion of mutation]
 51013 | Zot:4    | Lost mutation: You occasionally lose the ability to drink
                  | potions when taking damage. [potion of mutation]
 51013 | Zot:4    | Gained mutation: Your body sometimes deteriorates upon
                  | taking damage. [potion of mutation]
 51013 | Zot:4    | Gained mutation: Your skin changes colour to match your
                  | surroundings (Stealth+). [potion of mutation]
 51013 | Zot:4    | Gained mutation: You are occasionally teleported next to
                  | monsters. [potion of mutation]
 51013 | Zot:4    | Gained mutation: You have a pair of small horns on your
                  | head. [potion of mutation]
 51014 | Zot:4    | Lost mutation: You are occasionally teleported next to
                  | monsters. [potion of mutation]
 51014 | Zot:4    | Lost mutation: Your body sometimes deteriorates upon taking
                  | damage. [potion of mutation]
 51014 | Zot:4    | Gained mutation: You occasionally lose the ability to drink
                  | potions when taking damage. [potion of mutation]
 51014 | Zot:4    | Lost mutation: You have a pair of small horns on your head.
                  | [potion of mutation]
 51015 | Zot:4    | Lost mutation: Your skin changes colour to match your
                  | surroundings (Stealth+). [potion of mutation]
 51015 | Zot:4    | Lost mutation: You occasionally lose the ability to drink
                  | potions when taking damage. [potion of mutation]
 51015 | Zot:4    | Gained mutation: You are occasionally teleported next to
                  | monsters. [potion of mutation]
 51015 | Zot:4    | Gained mutation: You have large cloven feet. [potion of
                  | mutation]
 51015 | Zot:4    | Gained mutation: You heal very quickly. [potion of
                  | mutation]
 51016 | Zot:4    | Lost mutation: You have large cloven feet. [potion of
                  | mutation]
 51016 | Zot:4    | Lost mutation: You are occasionally teleported next to
                  | monsters. [potion of mutation]
 51016 | Zot:4    | Lost mutation: You heal very quickly. [potion of mutation]
 51016 | Zot:4    | Gained mutation: Your flesh is cold resistant. (rC+)
                  | [potion of mutation]
 51016 | Zot:4    | Gained mutation: You occasionally shout uncontrollably at
                  | your foes. [potion of mutation]
 51016 | Zot:4    | Gained mutation: You have a pair of small antennae on your
                  | head. [potion of mutation]
 51191 | Zot:4    | Reached XP level 25. HP: 145/145 MP: 38/38
 52077 | Zot:4    | Identified the +1 scale mail of the Ego {rPois}
 52303 | Zot:5    | Entered Level 5 of the Realm of Zot
 52546 | Zot:5    | Identified the +5 war axe of Wiyxux {heavy, rF- Int+3
                  | Dex+7}
 52738 | Zot:5    | Noticed a dread lich
 52754 | Zot:5    | Killed a dread lich
 53172 | Zot:5    | Noticed an ancient lich
 53201 | Zot:4    | Killed an ancient lich
 53266 | Zot:5    | Noticed a Killer Klown
 53271 | Zot:5    | Noticed a Killer Klown
 53296 | Zot:4    | Killed a Killer Klown
 53328 | Zot:5    | a Killer Klown changed into an eleionoma
 53366 | Zot:5    | Noticed a dread lich
 53383 | Zot:5    | Killed a dread lich
 53407 | Zot:5    | Noticed an orb of fire
 53409 | Zot:5    | Gained mutation: You occasionally lose the ability to read
                  | scrolls when taking damage. [an orb of fire]
 53452 | Zot:5    | Killed an orb of fire
 53454 | Zot:5    | Lost mutation: You have a pair of small antennae on your
                  | head. [potion of mutation]
 53454 | Zot:5    | Lost mutation: Your flesh is cold resistant. (rC+) [potion
                  | of mutation]
 53454 | Zot:5    | Lost mutation: You occasionally lose the ability to read
                  | scrolls when taking damage. [potion of mutation]
 53454 | Zot:5    | Gained mutation: Your spells are a little harder to cast,
                  | but a little more powerful. [potion of mutation]
 53503 | Zot:5    | Noticed an orb of fire
 53510 | Zot:5    | Reached skill level 22 in Invocations
 53524 | Zot:5    | Killed an orb of fire
 53594 | Zot:5    | Noticed a Killer Klown
 53736 | Zot:5    | Killed a Killer Klown
 53792 | Zot:5    | Noticed a Killer Klown
 53852 | Zot:5    | Killed a Killer Klown
 54028 | Zot:5    | Noticed an orb of fire
 54044 | Zot:5    | Killed an orb of fire
 54088 | Zot:5    | Noticed a Killer Klown
 54128 | Zot:5    | Killed a Killer Klown
 54231 | Zot:5    | Reached skill level 23 in Invocations
 54231 | Zot:5    | Reached XP level 26. HP: 139/152 MP: 37/39
 54445 | Zot:5    | Noticed an ancient lich
 54447 | Zot:5    | Noticed a dread lich
 54463 | Zot:5    | Killed an ancient lich
 54467 | Zot:5    | Killed a dread lich
 54685 | Zot:5    | Got the Orb of Zot
 54740 | Zot:5    | Noticed Jioddusu the pandemonium lord
 55185 | D:10     | Noticed a seraph
 55389 | D:3      | Noticed Ithruifo the pandemonium lord
 55391 | D:3      | Noticed an ancient lich
 55488 | D:$      | Escaped with the Orb!

Illustrated notes

Levels and vault maps discovered:
D:1:      wheals_arrival_shading, layout_basic, chequers_serial_rivers_micro_e
D:2:      layout_loops_cross, minmay_quantized, uniq_robin
D:3:      layout_rooms, marbit_many_paths, mainiacjoe_overflow_paths,
          st_stairs_10, minmay_lizard_king
D:4:      layout_loops_ring, nzn_wu_jian_council_hall, serial_shops, shop,
          dk_vineyard_2
D:5:      layout_basic, mainiacjoe_overflow_swirl, temple_green,
          minmay_misc_feat_diagonals
D:6:      layout_loops_corners, gup_sewer_entry_glass
D:7:      layout_loops_ring, nicolae_vehumet_radiance,
          nzn_hepliaklqana_mist_gate
D:8:      layout_rooms, xom_butterflies, nicolae_overflow_hidden_temple,
          uniq_erica, uniq_pikel
D:9:      layout_roguey, chequers_jeans, minivault_7, uniq_amaemon
D:10:     layout_cave_pools, david_lair_generic, david_orc_2, minivault_26,
          ebering_dispersal_statue_hall, uniq_erolcha, uniq_sonja, uniq_maurice
D:11:     layout_loops_corners, grunt_ministairs_3, minivault_27, uniq_snorg
D:12:     layout_roguey, uniq_nessos, uniq_lodul, uniq_urug, uniq_rupert,
          uniq_kirke
D:13:     layout_loops_cross, david_vaults_1
D:14:     layout_roguey, kennysheep_decorative_pillar, serial_undead,
          serial_undead_b, serial_undead_d, serial_undead_c, serial_undead_a,
          kennysheep_generic_room_9
D:15:     hangedman_depths_entry_civil_slaughter, layout_loops_corners,
          nrook_uturn, portal_ice_cave_entry_horrid_things, uniq_azrael
Lair:1:   layout_loops_ring, serial_bayou_pond_b, infiniplex_staircase_pool_2,
          serial_bayou_shore_b
Lair:2:   layout_long_grid, minmay_shoals_entry_centaurs, dummy_snake_entry,
          grunt_megastairs_4, uniq_prince_ribbit2
Lair:3:   layout_regular_city, serial_bayou_shore_b
Lair:4:   layout_gridlike, slime_entry_1
Lair:5:   due_jungle_book, layout_gridlike, nicolae_lair_grove_arrangements,
          chequers_serial_rivers_micro_b, patterned_corridor, grunt_megastairs_1
Shoals:1: layout_shoals, nzn_prometheus_bound, uniq_aizul, uniq_louise
Shoals:2: layout_shoals, uniq_ilsuiw
Shoals:3: nicolae_shoals_aurelia_aurita, layout_shoals,
          nicolae_shoals_stone_sculpture_thing, uniq_polyphemus
Shoals:4: shoals_end_hellmonk_storm_palace [storm_palace_center_square,
          storm_palace_corner_pillars, storm_palace_corner_narrow,
          storm_palace_corner_narrow, storm_palace_corner_grid]
Snake:1:  layout_onion, serial_shops, shop, serial_bayou_lagoon_a,
          nicolae_snake_herptile_family_reunion, uniq_frances
Snake:2:  layout_grid_maze, nicolae_snake_lava_pool
Snake:3:  layout_gridlike, grunt_megastairs_3, minmay_shoptagon
Snake:4:  grunt_snake_rune_pools, layout_cave_town,
          nicolae_snake_yet_another_twisty_hallway, lemuel_fruit_tree,
          uniq_saint_roka
Orc:1:    emtedronai_trogs_sanctum, layout_caves, mines4_lemuel
Orc:2:    grunt_orc_gardens, layout_caves, grunt_orc_garden, grunt_orc_garden,
          grunt_orc_garden, grunt_orc_garden, elf_legates
Vaults:1: portal_desolation_entry_holy_temple, grunt_vaults_focal,
          vaults_dpeg_doors, nicolae_vaults_stepped_doors,
          nicolae_vaults_tetromino_L_2, nicolae_vaults_shelves_hall,
          nicolae_vaults_gold_heap, layout_vaults_chaotic_city
Vaults:2: nicolae_vaults_tangram_2, v_misc_15,
          minmay_crypt_entry_simple_statues, nicolae_vaults_surprise_closet,
          ontoclasm_vaults_ring_small, v_pattern_4, v_alt_pattern_1,
          ontoclasm_vaults_misaligned, vaults_dpeg_hooks,
          layout_vaults_omnicross
Vaults:3: nicolae_vaults_storage_closets_2, v_misc_29, v_rooms_3,
          vaults_mumra_hex, vaults_dpeg_diagonal,
          nicolae_vaults_closet_pinwheel_1, v_misc_2,
          nicolae_vaults_tetromino_T_2, nicolae_vaults_tetromino_Z_1,
          nicolae_vaults_offset_grid_hallway_4, vaults_room_stairs_pillars,
          layout_vaults_ring, serial_shops, bzr_entry_water
Vaults:4: nicolae_vaults_shrinking_rooms_2, v_misc_30, v_misc_9,
          nicolae_vaults_tetromino_T_1, ontoclasm_vaults_claustrophobia,
          nicolae_vaults_ring_of_whatevers, nicolae_vaults_cochlea,
          nicolae_vaults_variable_pillar_hall,
          nicolae_vaults_trapezoid_lopsided_1, layout_vaults_quadrants,
          serial_shops, nicolae_shop_just_a_little_nook, uniq_margery
Vaults:5
Crypt:1:  layout_chaotic_city, grunt_megastairs_2, uniq_zenata, uniq_frederick,
          uniq_grunn
Depths:1: layout_gridlike, pan_entry, basic_altar, serial_shops,
          bzr_entry_dummy, hell_entry, minmay_misc_feat_iff,
          nicolae_twisty_statue_hallways, serial_bayou_shore_a
Depths:2: evilmike_pillar_path, layout_cave_pools, rand_demon_pan_entry_5,
          abyss_entry, hell_entry, kennysheep_pointless_box, evilmike_butchery,
          uniq_vv
Depths:3: grunt_house_of_mirrors, layout_basic, abyss_entry, serial_sigils,
          serial_sigils_hangedman_confine, serial_sigils_hangedman_gut,
          serial_sigils_hangedman_scar, serial_sigils_hangedman_snap,
          serial_sigils_hangedman_scratch, serial_sigils_hangedman_snap,
          grunt_metal_band, pan_entry, minmay_hidden_floor, uniq_norris
Depths:4: evilmike_zot_entry_argh, layout_honeycomb, enter_ziggurat_f,
          hellmouth_1, nicolae_qazlal_eye_of_the_storm, drop_trap,
          infiniplex_staircase_pool_lava
Zot:1:    layout_gridlike
Zot:2:    layout_cathedral_of_symmetry
Zot:3:    layout_gridlike
Zot:4:    nicolae_zot_stationary_front, layout_concentric_octagons,
          st_stairs_11, st_large_dragon_hoard_2
Zot:5:    layout_misc_corridors

Skill      XL: |  1  2  3  4  5  6  7  8  9 10 11 12 13 14 15 16 17 18 19 20 21 22 23 24 25 |
---------------+----------------------------------------------------------------------------+-----
Short Blades   | 2 3 4 5 7 9 10 | 10.0
Invocations    | 1 2 3 4 6 8 10 11 14 15 16 17 18 19 20 21 23 | 23.7
Throwing       | 2 3 4 |  4.0
Dodging        | 3 4 |  4.0
Fighting       | 3 7 9 10 11 13 14 15 16 19 20 | 20.0
Armour         | 2 4 7 8 9 11 12 13 14 15 | 15.5
Shields        | 4 5 8 10 11 12 14 15 17 19 | 19.0
Evocations     | 1 4 5 7 10 | 10.0
Long Blades    | 5 9 11 12 13 17 19 20 | 20.4
Stealth        | |  4.8

Action                     |  1- 3 |  4- 6 |  7- 9 | 10-12 | 13-15 | 16-18 | 19-21 | 22-24 | 25-27 || total
---------------------------+-------+-------+-------+-------+-------+-------+-------+-------+-------++-------
  Melee: Dagger            |    69 |   209 |   370 |   771 |   517 |       |       |       |       ||  1936
         Bite              |    14 |    70 |   131 |   310 |   500 |   645 |   892 |   881 |   315 ||  3758
         Punch             |     1 |     2 |     1 |     5 |       |       |       |       |       ||     9
         Scimitar          |       |       |       |       |   541 |  1455 |   943 |       |       ||  2939
         Demon blade       |       |       |       |       |       |       |   723 |  1575 |   609 ||  2907
  Throw: Dart              |     7 |     7 |    48 |    74 |    74 |     9 |     2 |    12 |       ||   233
         Boomerang         |       |    13 |    24 |    28 |       |       |       |       |       ||    65
         Javelin           |       |       |     2 |     2 |    11 |    11 |     5 |    16 |    24 ||    71
 Invoke: Upheaval          |       |       |     1 |     4 |     4 |     3 |       |     3 |       ||    15
         Elemental Force   |       |       |       |     3 |     5 |    10 |    19 |    13 |     6 ||    56
         Disaster Area     |       |       |       |       |       |       |     1 |     3 |       ||     4
  Evoke: Wand              |       |       |       |     1 |     6 |     4 |     4 |    15 |     5 ||    35
         Phial of floods   |       |       |       |       |       |       |     1 |     1 |       ||     2
         Phantom mirror    |       |       |       |       |       |       |       |     4 |     1 ||     5
    Use: Scroll            |       |     7 |     6 |     7 |    20 |    14 |    12 |    24 |     4 ||    94
         Potion            |       |       |       |     2 |     4 |     7 |     7 |    23 |     5 ||    48
   Stab: Sleeping          |     7 |     2 |       |       |       |       |       |       |       ||     9
         Distracted        |       |       |     3 |    14 |    15 |     3 |     6 |     3 |     4 ||    48
         Invisible         |       |       |       |    12 |     7 |       |     5 |     1 |       ||    25
         Paralysed         |       |       |       |     1 |     4 |    13 |    10 |    19 |     4 ||    51
 Armour: Leather armour    |    21 |    23 |       |       |       |       |       |       |       ||    44
         Scale mail        |       |    81 |   155 |   277 |   327 |       |       |       |       ||   840
         Chain mail        |       |       |       |       |    26 |   228 |   617 |    41 |       ||   912
         Plate armour      |       |       |       |       |       |   320 |       |   262 |   216 ||   798
         Storm dragon scal |       |       |       |       |       |       |       |   336 |       ||   336
         Gold dragon scale |       |       |       |       |       |       |       |   108 |       ||   108
  Dodge: Dodged            |    30 |    74 |    70 |   167 |   235 |   239 |   243 |   207 |    90 ||  1355
         Repelled          |       |       |       |     5 |     3 |    31 |     7 |    18 |    14 ||    78
  Block: Other             |       |     3 |    28 |    41 |       |       |       |       |       ||    72
         Buckler           |       |       |       |   132 |   531 |   212 |       |       |       ||   875
         Reflection        |       |       |       |    13 |    17 |   209 |    81 |    38 |     8 ||   366
         Kite shield       |       |       |       |       |       |  1242 |  1521 |  1402 |   477 ||  4642

Table legend: (Time is in decaauts)
 A = Elapsed time spent in this place.
 B = Non-inter-level travel time spent in this place.
 C = Inter-level travel time spent in this place.
 D = Time resting spent in this place.
 E = Time spent auto-exploring this place.
 F = Levels seen in this place.
 G = Mean time per level.
                   A        B        C        D        E       F      G
               +--------+--------+--------+--------+--------+-----+--------+
         Total |  53223 |  47753 |   5470 |   4514 |  23116 |  48 | 1108.8 |
       Dungeon |  14711 |  12807 |   1904 |    559 |   8861 |  15 |  980.7 |
          Lair |   5383 |   4805 |    578 |    282 |   3283 |   5 | 1076.6 |
        Shoals |   3992 |   3706 |    286 |    262 |   1500 |   4 |  998.0 |
     Snake Pit |   5943 |   5438 |    505 |    479 |   2020 |   4 | 1485.8 |
  Orcish Mines |   1866 |   1695 |    171 |     88 |   1037 |   2 |  933.0 |
        Vaults |   7214 |   6549 |    665 |    702 |   2858 |   5 | 1442.8 |
         Crypt |    118 |    118 |      0 |     11 |     19 |   1 |  118.0 |
        Depths |   5794 |   4929 |    865 |    858 |   1762 |   4 | 1448.5 |
           Zot |   7660 |   7166 |    494 |   1269 |   1602 |   5 | 1532.0 |
        Bazaar |    164 |    164 |      0 |      0 |     51 |   2 |   82.0 |
         Sewer |    372 |    372 |      0 |      0 |    121 |   1 |  372.0 |
               +--------+--------+--------+--------+--------+-----+--------+

Top non-repeatable levels by time:
   Zot:4: 2356 daAuts
 Snake:4: 2136 daAuts
   Zot:5: 1998 daAuts
Depths:3: 1847 daAuts
Depths:1: 1587 daAuts
Vaults:1: 1581 daAuts
Vaults:2: 1574 daAuts
 Snake:3: 1541 daAuts
Vaults:5: 1416 daAuts
Vaults:4: 1406 daAuts
Depths:4: 1376 daAuts
    D:15: 1375 daAuts
   Zot:3: 1362 daAuts
Shoals:4: 1351 daAuts
    D:11: 1329 daAuts
